 Dungeon Crawl Stone Soup version 0.18-a0-1396-g8753ca6 (webtiles) character file.

8769 Kidiri the Thaumaturge (level 11, 0/54 HPs)
             Began as a Deep Elf Fire Elementalist on Feb 23, 2016.
             Was a Priest of Vehumet.
             Slain by a wolf spider (18 damage)
             ... on level 10 of the Dungeon.
             The game lasted 01:12:22 (15482 turns).

Kidiri the Thaumaturge (DEFE)                      Turns: 15482, Time: 01:12:22

Health: 0/54       AC: 17    Str:  5    XL:     11   Next: 14%
Magic:  24/36      EV: 19    Int: 35    God:    Vehumet [***...]
Gold:   584        SH:  0    Dex: 15    Spells: 10 memorised, 2 levels left

rFire  + . .     SeeInvis .     J - +1 eveningstar "Brilliance" {holy, rN+ AC+5 Int+5}
rCold  . . .     Gourm    .     K - +2 robe {Archmagi}
rNeg   + . .     Faith    .     (no shield)
rPois  .         Spirit   .     l - +1 helmet
rElec  .         Dismiss  .     D - +1 cloak
rCorr  .         Reflect  .     I - +0 pair of gloves
SustAt .         Harm     .     H - +2 pair of boots
MR     +....                    (no amulet)
Stlth  +.........               M - ring of magical power
                                q - ring of Anen Zaeq {rF+ EV+3 Int+6 Stlth-}

@: glowing, somewhat resistant to hostile enchantments, very unstealthy
A: no striking features
a: Renounce Religion


You were on level 10 of the Dungeon.
You worshipped Vehumet.
Vehumet was most pleased with you.
You were not hungry.

You visited 2 branches of the dungeon, and saw 11 of its levels.

You collected 584 gold pieces.

Inventory:

Hand Weapons
 J - the +1 eveningstar "Brilliance" (weapon) {holy, rN+ AC+5 Int+5}
   (You found it on level 9 of the Dungeon)

   It has been blessed by the Shining One to cause great damage to the undead
   and demons.
   It affects your AC (+5).
   It affects your intelligence (+5).
   It protects you from negative energy.
Missiles
 y - a throwing net (quivered)
Armour
 l - a +1 helmet (worn)
 D - a +1 cloak (worn)
 H - a +2 pair of boots (worn)
 I - a +0 pair of gloves (worn)
 K - a +2 robe of the Archmagi (worn)
Jewellery
 b - an uncursed ring of wizardry
 p - an uncursed ring of stealth
 q - the ring of Anen Zaeq (left hand) {rF+ EV+3 Int+6 Stlth-}
   (You found it on level 4 of the Dungeon)

   [ring of evasion]

   It affects your evasion (+3).
   It affects your intelligence (+6).
   It protects you from fire.
   It makes you less stealthy.
 M - a ring of magical power (right hand)
Wands
 w - a wand of disintegration (9/24)
 x - a wand of teleportation (7/9)
 A - a wand of lightning (7/15)
 B - a wand of random effects (36/48)
 F - a wand of slowing (32/48)
Scrolls
 c - a scroll of identify
 d - 4 scrolls of fog
 h - 6 scrolls of remove curse
 j - 2 scrolls of magic mapping
 k - a scroll of fear {unknown}
 n - a scroll of random uselessness {unknown}
 r - a scroll of teleportation {unknown}
 s - a scroll of noise {unknown}
 t - a scroll of silence {unknown}
 v - 2 scrolls of blinking {unknown}
 E - a scroll of brand weapon {unknown}
Potions
 a - a potion of agility
 e - 2 potions of brilliance
 f - a potion of haste
 g - a potion of cure mutation
 o - a potion of mutation {unknown}
 z - a potion of flight {unknown}
 C - a potion of resistance {unknown}
 G - 2 potions of heal wounds {unknown}
 L - a potion of lignification {unknown}
Miscellaneous
 i - a crystal ball of energy
Comestibles
 m - 5 meat rations


   Skills:
 + Level 6.9 Dodging
 + Level 7.6 Stealth
 * Level 10.3 Spellcasting
 * Level 8.2 Conjurations
 + Level 7.0 Hexes
 + Level 4.6 Transmutations
 + Level 7.0 Fire Magic
 + Level 2.1 Ice Magic
 + Level 2.2 Air Magic
 + Level 3.3 Earth Magic
 + Level 5.0 Poison Magic
 + Level 1.5 Evocations


You had 2 spell levels left.
You knew the following spells:

 Your Spells              Type           Power        Failure   Level  Hunger
a - Flame Tongue          Conj/Fire      #####        1%          1    None
b - Throw Flame           Conj/Fire      ######       1%          2    None
c - Conjure Flame         Conj/Fire      #######.     1%          3    None
d - Inner Flame           Hex/Fire       #######.     1%          3    None
e - Sticky Flame          Conj/Fire      #######.     1%          4    None
f - Fireball              Conj/Fire      #######...   1%          5    ##.....
g - Ignite Poison         Fire/Trmt/Pois ######..     1%          3    None
h - Petrify               Trmt/Erth      ######..     6%          4    None
i - Shock                 Conj/Air       ####         1%          1    None
j - Throw Frost           Conj/Ice       ######       1%          2    None


Dungeon Overview and Level Annotations

Branches:
Dungeon (10/15)            Temple (1/1) D:6             Orc (0/2) D:9
   Lair: D:8-11

Altars:
Ashenzari
Cheibriados
Dithmenos
Elyvilon
Fedhas
Gozag
Kikubaaqudgha
Makhleb
Nemelex Xobeh
Okawaru
Pakellas
Qazlal
Ru
Sif Muna
Trog
Vehumet
Xom
Yredelemnul
Zin
The Shining One

Shops:
D:2 }   D:8 [


Message History

Aiming: Flame Tongue
Press: ? - help, Shift-Dir - straight line, f/p - wolf spider
Aim: a wolf spider (lightly wounded, clinging, haloed)
You feel a surge of power!
The flame tongue hits the wolf spider.
The wolf spider appears unharmed.
The wolf spider is lightly wounded.
Casting: Flame Tongue
Confirm with . or Enter, or press ? or * to list all spells.
Aiming: Sticky Flame
Press: ? - help, Shift-Dir - straight line, f/p - wolf spider
Aim: a wolf spider (lightly wounded, clinging, haloed)
You feel a surge of power!
The sticky flame hits the wolf spider.
The wolf spider is lightly wounded.
The wolf spider is covered in liquid flames!
The wolf spider burns!
The wolf spider hits you! The wolf spider bites you! The wolf spider hits you!
The wolf spider bites you but does no damage.
The wolf spider burns!
The wolf spider burns!
The wolf spider hits you!!
You die...

####............##
..............#..#
..............>#.##
.......)..........#
.[............####.##
##..(##.....(.## [##
# #).####..)....## ..
.# #(.# #...###.s##
.#.# #..# ##..#
##.@##.o.## #..# #..#
##[.)....# #.<# ###.
#........# ##..#
##....#...# #.(##
..(..# #.. ..##
.$...## . ## >.....#
#......# #...####


You could see a wolf spider (burning).

Vanquished Creatures
  Harold (D:9)
  Josephine (D:10)
  A centaur warrior (D:9)
  Pikel (D:7)
  A vampire (D:10)
  4 wraiths
  4 yaks (D:9)
  2 wyverns (D:9)
  2 hippogriffs
  A hungry ghost (D:9)
  2 centaurs
  A water moccasin (D:9)
  7 orc warriors (D:9)
  3 slaves (D:7)
  3 phantoms
  A sky beast (D:9)
  3 ice beasts
  A necrophage (D:6)
  An ogre (D:7)
  A crocodile (D:9)
  2 big kobolds (D:9)
  6 giant frogs
  A wyvern skeleton (D:8)
  4 wights (D:6)
  6 crimson imps
  A giant frog zombie (D:3)
  Crazy Yiuf (D:7)
  A jelly (D:9)
  4 hounds
  4 orc priests
  A centaur skeleton (D:10)
  A giant frog skeleton (D:7)
  An iguana (D:7)
  8 worker ants
  15 orc wizards
  A hound zombie (D:5)
  2 worker ant zombies
  6 gnolls
  15 adders
  A shadow imp (D:6)
  2 oozes
  5 worms
  A dart slug (D:4)
  11 giant geckos
  38 orcs
  12 bats
  9 giant cockroaches
  9 goblins
  15 hobgoblins
  8 jackals
  18 kobolds
  A quokka (D:5)
  4 ball pythons
  A giant gecko skeleton (D:6)
  A giant gecko zombie (D:7)
  A giant newt (D:2)
  A goblin skeleton (D:6)
  3 hobgoblin zombies (D:6)
  A kobold skeleton (D:6)
  A kobold zombie (D:6)
  2 orc skeletons (D:6)
  2 orc zombies (D:6)
  2 quokka skeletons
  14 rats
  A bush (D:7)
285 creatures vanquished.

Vanquished Creatures (others)
  A slave (D:7)
  A howler monkey (D:7)
  An orc (D:7)
3 creatures vanquished.

Grand Total: 288 creatures vanquished

Notes
Turn   | Place    | Note
--------------------------------------------------------------
     0 | D:1      | Kidiri the Deep Elf Fire Elementalist began the quest for the Orb.
     0 | D:1      | Reached XP level 1. HP: 10/10 MP: 6/6
   120 | D:1      | Reached XP level 2. HP: 15/15 MP: 4/8
   124 | D:1      | Learned a level 2 spell: Throw Flame
   496 | D:1      | Reached XP level 3. HP: 19/19 MP: 7/10
   501 | D:1      | Learned a level 3 spell: Conjure Flame
   505 | D:1      | Learned a level 3 spell: Inner Flame
  1392 | D:2      | Reached XP level 4. HP: 24/24 MP: 7/11
  1607 | D:2      | Reached skill level 4 in Spellcasting
  1850 | D:2      | Found an opulent altar of Gozag.
  1850 | D:2      | Found a sparkling altar of Nemelex Xobeh.
  2391 | D:2      | Found an oddly glowing altar of Pakellas.
  2392 | D:2      | Found Pakellas's Prime Provisions.
  2708 | D:3      | Reached skill level 1 in Hexes
  2819 | D:3      | Reached XP level 5. HP: 8/28 MP: 5/13
  3043 | D:3      | Learned a level 4 spell: Sticky Flame
  3109 | D:3      | Found a stormy altar of Qazlal.
  4072 | D:4      | Got a coiled steel ring
  4091 | D:4      | Identified the ring of Anen Zaeq {rF+ EV+3 Int+6 Stlth-} (You found it on level 4 of the Dungeon)
  4094 | D:4      | Noticed a phantom
  4328 | D:4      | Found a burning altar of Makhleb.
  4367 | D:4      | Killed a phantom
  4367 | D:4      | Reached skill level 5 in Spellcasting
  4367 | D:4      | Reached XP level 6. HP: 32/32 MP: 0/15
  5505 | D:5      | Entered Level 5 of the Dungeon
  5626 | D:5      | Reached XP level 7. HP: 36/36 MP: 3/17
  5961 | D:5      | Reached skill level 6 in Spellcasting
  6065 | D:5      | Learned a level 5 spell: Fireball
  6500 | D:6      | Reached skill level 5 in Conjurations
  6783 | D:6      | Noticed a hippogriff
  6928 | D:6      | Killed a hippogriff
  6928 | D:6      | Reached skill level 5 in Fire Magic
  6928 | D:6      | Reached XP level 8. HP: 41/41 MP: 14/20
  6964 | D:6      | Reached skill level 7 in Spellcasting
  7125 | D:6      | Found a glowing golden altar of the Shining One.
  7293 | D:6      | Learned a level 3 spell: Ignite Poison
  7297 | D:6      | Reached skill level 5 in Stealth
  7443 | D:6      | Reached skill level 5 in Dodging
  7448 | D:6      | Reached skill level 1 in Poison Magic
  7836 | D:6      | Reached skill level 1 in Transmutations
  7996 | D:6      | Found a staircase to the Ecumenical Temple.
  8002 | Temple   | Entered the Ecumenical Temple
  8067 | Temple   | Became a worshipper of Vehumet
  8610 | D:7      | Found a sacrificial altar of Ru.
  9067 | D:7      | Noticed Pikel
  9077 | D:7      | Killed Pikel
  9077 | D:7      | Reached skill level 8 in Spellcasting
  9077 | D:7      | Reached skill level 5 in Hexes
  9077 | D:7      | Reached XP level 9. HP: 45/45 MP: 10/23
 10360 | D:7      | Noticed Crazy Yiuf
 10380 | D:7      | Killed Crazy Yiuf
 10821 | D:8      | Found a snail-covered altar of Cheibriados.
 11457 | D:8      | Found Lurem's Antique Armour Boutique.
 11473 | D:8      | Reached * piety under Vehumet
 11473 | D:8      | Offered knowledge of Shock by Vehumet.
 11479 | D:8      | Learned a level 4 spell: Petrify
 11985 | D:8      | Found a shadowy altar of Dithmenos.
 12383 | D:9      | Reached skill level 1 in Earth Magic
 12653 | D:9      | Noticed a centaur warrior
 13240 | D:9      | Killed a centaur warrior
 13240 | D:9      | Reached skill level 9 in Spellcasting
 13240 | D:9      | Reached XP level 10. HP: 36/50 MP: 14/25
 13247 | D:9      | Learned a level 1 spell: Shock
 13628 | D:9      | Reached ** piety under Vehumet
 13630 | D:9      | Reached skill level 1 in Air Magic
 13734 | D:9      | Offered knowledge of Throw Frost by Vehumet.
 13919 | D:9      | Learned a level 2 spell: Throw Frost
 14055 | D:9      | Offered knowledge of Dazzling Spray by Vehumet.
 14419 | D:9      | Found a staircase to the Orcish Mines.
 14528 | D:10     | Entered Level 10 of the Dungeon
 14542 | D:10     | Noticed Josephine
 14548 | D:10     | Noticed Harold
 14730 | D:9      | Reached skill level 10 in Spellcasting
 14730 | D:9      | Reached skill level 1 in Ice Magic
 14748 | D:9      | Killed Harold
 14748 | D:9      | Reached skill level 1 in Evocations
 14994 | D:9      | Reached XP level 11. HP: 54/54 MP: 2/27
 15337 | D:10     | Killed Josephine
 15337 | D:10     | Reached *** piety under Vehumet
 15453 | D:10     | Reached skill level 5 in Poison Magic
 15478 | D:10     | Noticed a wolf spider
 15482 | D:10     | Slain by a wolf spider

Vault maps used:
D:1:      eino_arrival_tree_alley
D:2:      grunt_temple_overflow_opulence, johnstein_pakellas_shop
D:3:      grunt_qazlal_clouds
D:4:      old_standard_altar, first_bread, minmay_crystal_room
D:6:      nicolae_tso_besieged_by_evil, minmay_temple_entry_nine_rooms,
          grunt_decor_mini_mirrors
D:7:      nicolae_ru_awakened_eye, uniq_pikel, uniq_crazy_yiuf_cottage
D:8:      cheibriados_altar_wand_db, grunt_dithmenos_smoke, serial_shops, shop
D:9:      david_orc_4
D:10:     uniq_harold, uniq_josephine, uniq_gastronok
Temple:   eino_temple_water_12

Skill      XL: |  1  2  3  4  5  6  7  8  9 10 11 |
---------------+----------------------------------+-----
Dodging        | 3 4 5 6 |  6.9
Conjurations   | 2 3 4 5 6 7 8 |  8.2
Spellcasting   | 4 5 6 8 9 10 | 10.3
Hexes          | 1 2 3 5 6 7 |  7.0
Stealth        | 3 4 5 6 7 |  7.6
Fire Magic     | 4 5 6 7 |  7.0
Poison Magic   | 2 3 4 5 |  5.0
Transmutations | 2 3 4 |  4.6
Earth Magic    | 1 3 |  3.3
Air Magic      | 2 |  2.2
Ice Magic      | 1 2 |  2.1
Evocations     | 1 |  1.5

Action                   |  1- 3 |  4- 6 |  7- 9 | 10-12 || total
-------------------------+-------+-------+-------+-------++-------
Melee: Unarmed           |       |     2 |     1 |       ||     3
       Dagger            |       |       |   322 |       ||   322
       Eveningstar       |       |       |       |    36 ||    36
 Cast: Flame Tongue      |    29 |   120 |   122 |   102 ||   373
       Throw Flame       |    25 |    66 |    92 |    36 ||   219
       Conjure Flame     |       |     6 |    10 |     8 ||    24
       Sticky Flame      |       |     3 |    11 |     7 ||    21
       Inner Flame       |       |     1 |    10 |     8 ||    19
       Fireball          |       |       |     2 |     4 ||     6
       Petrify           |       |       |     2 |     1 ||     3
  Use: Scroll            |       |     5 |     7 |       ||    12
       Potion            |       |     3 |     2 |       ||     5
 Stab: Sleeping          |       |       |     2 |       ||     2
       Petrified         |       |       |     4 |       ||     4
  Eat: Chunk             |     2 |    10 |     7 |     5 ||    24
       Fruit             |       |     6 |       |     3 ||     9
       Beef jerky        |       |       |     2 |       ||     2
       Pizza             |       |       |     1 |       ||     1
       Bread ration      |       |       |     2 |       ||     2
       Meat ration       |       |       |     1 |       ||     1
